 Dungeon Sprint DCSS version 0.15-a0-39-g424acf8 (webtiles) character file.

170 BluebellGnoll the Covert (level 5, -1/24 HPs)
             Began as a Spriggan Enchanter on Apr 3, 2014.
             Was a Follower of Sif Muna.
             Slain by a hill giant
             ... wielding a +0,+0 giant club
              (25 damage)
             ... in the Dungeon (Sprint IX: "|||||||||||||||||||||||||||||").
             The game lasted 00:03:10 (860 turns).

BluebellGnoll the Covert (Spriggan Enchanter)        Turns: 860, Time: 00:03:10

HP  -1/24        AC  3     Str  4      XL: 5   Next: 26%
MP  12/19        EV 20     Int 18      God: Sif Muna [*.....]
Gold 0           SH  0     Dex 19      Spells:  5 memorised,  2 levels left

rFire  . . .     SeeInvis +     o - +2 cutlass (venom)
rCold  . . .     Clarity  .     b - +1 robe
rNeg   . . .     Conserve .     (shield restricted)
rPois  .         rCorr    .     (helmet restricted)
rElec  .         rRot     .     (no cloak)
SustAb . .       Spirit   .     (gloves unavailable)
rMut   .         Warding  .     (boots unavailable)
Saprov . . .     NoTele   +     (no amulet)
MR     .....                    q - +2 ring of evasion
                                p - +3 ring of dexterity

@: very quick, not resistant to hostile enchantments, extraordinarily stealthy
A: unfitting armour, see invisible, herbivore 3, speed 3, slow metabolism 2
a: Channel Energy, Renounce Religion


You were in the Dungeon.
You worshipped Sif Muna.
Sif Muna was aware of your devotion.
You were not hungry.

You visited 1 branch

Inventory:

Hand weapons
 a - a +1,+1 dagger
 o - a +2,+2 cutlass of venom (weapon)
Missiles
 d - 12 darts (quivered)
Armour
 b - a +1 robe (worn)
Magical devices
 n - a wand of cold (7)
Scrolls
 k - 2 scrolls of blinking
 l - 3 scrolls of remove curse
 m - 2 scrolls of amnesia
Jewellery
 p - a +3 ring of dexterity (left hand)
 q - a +2 ring of evasion (right hand)
Potions
 e - a potion of porridge
 f - 5 potions of curing
 g - 3 potions of heal wounds
 h - a potion of haste
 i - 3 potions of magic
 j - a potion of invisibility
Books
 c - a book of Maledictions

   Spells                             Type                      Level
   *Corona                            Hexes                        1
   *Sure Blade                        Hexes/Charms                 2
   *Ensorcelled Hibernation           Hexes/Ice                    2
   *Confuse                           Hexes                        3
   *Enslavement                       Hexes                        4
   Invisibility                       Hexes                        6


   Skills:
 - Level 1.1 Short Blades
 - Level 1.1 Throwing
 - Level 3.0 Dodging
 - Level 14.0 Stealth
 * Level 5.0 Spellcasting
 + Level 6.0 Hexes


You had 2 spell levels left.
You knew the following spells:

 Your Spells              Type           Power        Failure   Level  Hunger
a - Corona                Hex            ####...      1%          1    None
b - Ensorcelled Hibernat  Hex/Ice        ###...       8%          2    #......
c - Confuse               Hex            ####....     3%          3    ###....
d - Sure Blade            Hex/Chrm       ###.......   8%          2    #......
e - Enslavement           Hex            ####....     14%         4    ####...


Dungeon Overview and Level Annotations

Branches:
Dungeon (1/1)

Altars:
Ashenzari
Cheibriados
Dithmenos
Elyvilon
Fedhas
Kikubaaqudgha
Makhleb
Nemelex Xobeh
Okawaru
Sif Muna
Trog
Vehumet
Xom
Yredelemnul
Zin
The Shining One


Innate Abilities, Weirdness & Mutations

You are tiny and cannot use many weapons and most armour.
You have supernaturally acute eyesight.
You are a herbivore.
You cover ground extremely quickly.
You need consume almost no food.


Message History

Aiming: Ensorcelled Hibernation
Press: ? - help, Shift-Dir - straight line, f/p - hill giant
Aim: a hill giant, wielding a giant club The hill giant resists with almost no effort.
Casting: Ensorcelled Hibernation
Confirm with . or Enter, or press ? or * to list all spells.
Aiming: Confuse
Press: ? - help, Shift-Dir - straight line, f/p - hill giant
Aim: a hill giant, wielding a giant club The hill giant easily resists.
There is a staircase leading out of the dungeon here.
Casting: Confuse
Confirm with . or Enter, or press ? or * to list all spells.
Aiming: Confuse
Press: ? - help, Shift-Dir - straight line, f/p - hill giant
Aim: a hill giant, wielding a giant club The hill giant easily resists.
The hill giant hits you with a giant club!
Ouch! That really hurt!
You die...

▓▓▓
▓@▓
▓C▓
▓.▓
▓.▓
▓.▓
▓.▓
▓.▓
▓.▓
▓'▓


You could see a hill giant.

Vanquished Creatures
  A sky beast (D)
  A scorpion (D)
  A goliath beetle (D)
  A worker ant (D)
  A worm (D)
  An orc (D)
  A bat (D)
  A hobgoblin (D)
  A giant gecko (D)
  A giant newt (D)
  3 rats (D)
13 creatures vanquished.

Notes
Turn   | Place    | Note
--------------------------------------------------------------
     0 | D        | BluebellGnoll, the Spriggan Enchanter, began the quest for the Orb.
     0 | D        | Reached XP level 1. HP: 9/9 MP: 4/4
    12 | D        | Reached skill level 4 in Stealth
    19 | D        | Reached skill level 5 in Stealth
   247 | D        | Noticed a worker ant
   247 | D        | Noticed a sky beast
   250 | D        | Reached skill level 6 in Stealth
   255 | D        | Reached skill level 7 in Stealth
   255 | D        | Reached XP level 2. HP: 13/13 MP: 7/7
   261 | D        | Killed a worker ant
   261 | D        | Reached skill level 10 in Stealth
   261 | D        | Reached XP level 3. HP: 16/16 MP: 9/9
   273 | D        | Learned a level 2 spell: Ensorcelled Hibernation
   277 | D        | Learned a level 3 spell: Confuse
   529 | D        | Killed a sky beast
   529 | D        | Reached skill level 14 in Stealth
   529 | D        | Reached XP level 4. HP: 21/21 MP: 6/12
   534 | D        | Learned a level 2 spell: Sure Blade
   537 | D        | Found a snail-covered altar of Cheibriados.
   537 | D        | Found a radiant altar of Vehumet.
   537 | D        | Found a basalt altar of Yredelemnul.
   537 | D        | Found a shadowy altar of Dithmenos.
   537 | D        | Found a glowing golden altar of the Shining One.
   537 | D        | Found a deep blue altar of Sif Muna.
   537 | D        | Found a glowing silver altar of Zin.
   538 | D        | Found a white marble altar of Elyvilon.
   539 | D        | Found a shimmering altar of Xom.
   540 | D        | Found an ancient bone altar of Kikubaaqudgha.
   541 | D        | Found a sparkling altar of Nemelex Xobeh.
   542 | D        | Found a shattered altar of Ashenzari.
   543 | D        | Found a bloodstained altar of Trog.
   544 | D        | Found an iron altar of Okawaru.
   545 | D        | Became a worshipper of Sif Muna the Loreminder
   546 | D        | Found a blossoming altar of Fedhas.
   547 | D        | Found a burning altar of Makhleb.
   548 | D        | Found a sparkling altar of Nemelex Xobeh.
   549 | D        | Found a shattered altar of Ashenzari.
   588 | D        | Noticed a scorpion
   588 | D        | Noticed a goliath beetle
   588 | D        | Noticed a hill giant
   588 | D        | Noticed a hill giant
   598 | D        | Killed a scorpion
   598 | D        | Acquired Sif Muna's first power
   598 | D        | Reached skill level 5 in Hexes
   598 | D        | Reached XP level 5. HP: 24/24 MP: 7/18
   602 | D        | Reached skill level 5 in Spellcasting
   614 | D        | Learned a level 4 spell: Enslavement
   796 | D        | a goliath beetle (ally) was killed
   860 | D        | Slain by a hill giant

Action                   |  1- 3 |  4- 6 || total
-------------------------+-------+-------++-------
Melee: Dagger            |    29 |       ||    29
       Cutlass           |       |     2 ||     2
 Cast: Ensorcelled Hiber |     2 |     6 ||     8
       Sure Blade        |       |     1 ||     1
       Confuse           |       |     5 ||     5
       Enslavement       |       |     2 ||     2
  Use: Potion            |     1 |     1 ||     2
 Stab: Sleeping          |     1 |     2 ||     3
